 Dungeon Crawl Stone Soup version 0.30-a0-439-g9e77e4d916 (webtiles) character file.

Game seed: 18195685016695249184

68466 Querens the Ninja (level 14, -1/59 HPs)
             Began as a Spriggan Enchanter on Dec 10, 2022.
             Was the Champion of Wu Jian.
             Slain by a black mamba (14 damage)
             ... on level 1 of the Snake Pit on Dec 11, 2022.
             The game lasted 01:36:06 (15815 turns).

Querens the Ninja (Spriggan Enchanter)             Turns: 15815, Time: 01:36:07

Health: -1/59      AC: 10    Str:  4    XL:     14   Next: 86%
Magic:  9/41       EV: 16    Int: 23    God:    Wu Jian [******]
Gold:   936        SH:  0    Dex: 18    Spells: 30/39 levels left

rFire   . . .      SeeInvis +    D - +9 dagger (chaos)
rCold   + . .      Faith    .    (no shield)
rNeg    . . .      Spirit   .    P - +3 troll leather armour
rPois   +          Reflect  .    S - +1 hat
rElec   .          Harm     .    u - +0 cloak
rCorr   .          Rampage  .    (gloves unavailable)
Will    +++..      Clarity  +    (boots unavailable)
Stlth   +++++++++.               c - amulet of Amoluq {rPois Will+ Regen+ MP+9 Dex-2}
HPRegen 1.89/turn                G - ring of protection from cold
MPRegen 0.27/turn                t - +6 ring of intelligence

@: lethally poisoned (-1 -> -1), studying Long Blades, very quick
A: very small, no large weapons, unfitting armour, see invisible, speed 3, beak,
clarity, mutation resistance 1, shaggy fur 1
a: Renounce Religion, Wall Jump, Serpent's Lash, Heavenly Storm


You were on level 1 of the Snake Pit.
You worshipped Wu Jian.
Wu Jian was exalted by your worship.
You visited 5 branches of the dungeon, and saw 21 of its levels.
You also visited: Ossuary.

You collected 1948 gold pieces.
You spent 1012 gold pieces at shops.

Inventory:

Hand Weapons
 v - the +11 rapier "Amiolou" {freeze, Fly rC- Stlth+}
   (You found it on level 4 of the Lair of Beasts)

   It freezes those it strikes, dealing additional cold damage.
   It can also slow down cold-blooded creatures.
   rC:        It makes you vulnerable to cold.
   Fly:       It grants you flight.
   Stlth:     It makes you more stealthy.
 C - a +3 dagger of holy wrath
 D - a +9 dagger of chaos (weapon)
Missiles
 r - 5 curare-tipped darts (quivered)
 w - 4 throwing nets
Armour
 u - a +0 cloak (worn)
 E - a +1 robe of resistance
 O - +0 acid dragon scales
 P - a +3 troll leather armour (worn)
 S - a +1 hat (worn)
Magical Staves
 K - a staff of air
Jewellery
 c - the amulet of Amoluq (around neck) {rPois Will+ Regen+ MP+9 Dex-2}
   (You bought it in a shop on level 2 of the Orcish Mines)

   [amulet of regeneration]

   Dex:       It affects your dexterity (-2).
   rPois:     It protects you from poison.
   MP:        It affects your magic capacity (+9).
   Regen:     It increases your rate of health regeneration.
   Will:      It increases your willpower.
 i - a ring of protection from fire
 n - a ring of resist corrosion
 t - a +6 ring of intelligence (right hand)
 F - a ring of ice
 G - a ring of protection from cold (left hand)
 I - a ring of protection from cold
 M - a ring of willpower
 V - a ring of positive energy
Wands
 b - a wand of flame (18)
 l - a wand of polymorph (4)
 W - a wand of roots (4)
 Z - a wand of paralysis (4)
Scrolls
 e - 14 scrolls of teleportation
 o - 2 scrolls of immolation
 s - 2 scrolls of magic mapping
 y - 4 scrolls of amnesia
 H - a scroll of brand weapon
 J - a scroll of fog
 N - a scroll of acquirement {unknown}
 Q - a scroll of blinking
 R - 2 scrolls of poison
 U - 2 scrolls of fear {unknown}
 Y - a scroll of silence {unknown}
Potions
 a - 2 potions of berserk rage
 d - 12 potions of curing
 f - 8 potions of flight
 g - 2 potions of invisibility
 h - 3 potions of ambrosia
 j - 5 potions of brilliance
 k - 3 potions of magic
 m - 4 potions of mutation
 p - 8 potions of haste
 x - 2 potions of heal wounds
 z - 4 potions of lignification
 A - 2 potions of cancellation {unknown}
 B - a potion of resistance {unknown}
 X - 3 potions of might {unknown}
Miscellaneous
 L - a piece from Xom's chessboard (15/15)
 T - a tin of tremorstones (2/2)


   Skills:
 + Level 13.6 Short Blades
 - Level 2.9 Dodging
 O Level 27 Stealth
 - Level 13.0 Spellcasting
 - Level 13.1 Hexes


You had 30 spell levels left.
You knew the following spells:

 Your Spells              Type           Power      Damage    Failure   Level
a - Ensorcelled Hibernat  Hex/Ice        90%        N/A       1%          2
b - Confusing Touch       Hex            66%        N/A       1%          3
c - Tukima's Dance        Hex            66%        N/A       1%          3
d - Slow                  Hex            100%       N/A       1%          1

Your spell library contained the following spells:

 Spells                   Type           Power      Damage    Failure   Level
 Dazzling Flash           Conj/Hex       90%        N/A       1%          3
 Inner Flame              Hex/Fire       45%        N/A       1%          3
 Fulminant Prism          Conj/Hex       22%        3d12      4%          4
 Beastly Appendage        Tmut           28%        N/A       8%          1
 Shock                    Conj/Air       56%        1d6       8%          1
 Cigotuvi's Dreadful Rot  Necr/Pois/Air  28%        N/A       11%         2
 Poisonous Vapours        Pois/Air       28%        N/A       11%         2
 Wereblood                Tmut           14%        N/A       11%         2
 Gell's Gravitas          Tloc           14%        N/A       22%         3
 Hailstorm                Conj/Ice       14%        3d5       22%         3
 Ignite Poison            Fire/Tmut/Pois 14%        N/A       22%         3
 Kindle Blastsparks       Fire/Tloc/Air  28%        2d12      22%         3
 Mephitic Cloud           Conj/Pois/Air  14%        N/A       22%         3
 Spider Form              Tmut/Pois      14%        N/A       22%         3
 Swiftness                Air            14%        N/A       22%         3
 Teleport Other           Tloc           14%        N/A       22%         3
 Vampiric Draining        Necr           14%        2d7       22%         3
 Airstrike                Air            7%         2d(1-17)  58%         4
 Flame Wave               Conj/Fire      14%        2d6       58%         4
 Iskenderun's Mystic Bla  Conj/Tloc      14%        2d5       58%         4
 Olgreb's Toxic Radiance  Pois           14%        N/A       58%         4
 Sticky Flame             Conj/Fire      14%        2d4       58%         4
 Summon Ice Beast         Ice/Summ       14%        N/A       58%         4
 Freezing Cloud           Conj/Ice/Air   7%         6-21      90%         5
 Iskenderun's Battlesphe  Conj           14%        2d7       90%         5
 Lee's Rapid Deconstruct  Erth           7%         3d6*      90%         5
 Dispersal                Tloc           7%         N/A       100%        6
 Iron Shot                Conj/Erth      7%         9d2       100%        6
 Ozocubu's Refrigeration  Ice            7%         4d9       100%        7
 Spellforged Servitor     Conj/Summ      7%         N/A       100%        7
 Ignition                 Fire           7%         3d4       100%        8


Dungeon Overview and Level Annotations

Branches:
Dungeon (12/15)            Temple (1/1) D:6            Lair (5/5) D:8
  Swamp (0/4) Lair:2        Snake (1/4) Lair:2          Orc (2/2) D:12
    Elf (0/3) Orc:2       Ossuary (visited)
  Slime: Lair:4-5

Altars:
Ashenzari
Cheibriados
Dithmenos
Elyvilon
Fedhas
Gozag
Hepliaklqana
Kikubaaqudgha
Makhleb
Nemelex Xobeh
Okawaru
Qazlal
Ru
Sif Muna
Trog
Uskayaw
Vehumet
Wu Jian
Xom
Yredelemnul
Zin
The Shining One

Shops:
D:4 (   D:7 :   D:9 (   Orc:2 ?==[   Snake:1 *:[

Annotations:
D:12 1 runed translucent door, paps's ghost, journeyman OpSu
Lair:4 exclusion: 4 oklob plants


Innate Abilities, Weirdness & Mutations

You are very small and have problems with some larger weapons.
You are too small for most types of armour.
You have supernaturally acute eyesight. (SInv)
You cover ground extremely quickly. (Speed+++)
You have a beak for a mouth.
You possess an exceptional clarity of mind.
You are somewhat resistant to further mutation.
You are covered in fur. (AC +1)


Message History

The salamander mystic resists with almost no effort.
The salamander mystic is lightly wounded.
You puncture the salamander mystic!
The salamander mystic is poisoned.
The salamander mystic is moderately wounded.
You see here a +3 shortbow of flaming.
You hit the salamander mystic but do no damage.
The salamander mystic is moderately wounded.
The salamander mystic hits you with a +0 quarterstaff.
You are engulfed in flames!!
* * * LOW HITPOINT WARNING * * *
Okay, then.
Items here: )) ††.
Items here: )) ††.
A black mamba comes into view.
The naga sharpshooter shouts!
The black mamba hisses angrily.
Your attacks no longer feel as feeble.
You lunge at the black mamba.
You puncture the black mamba! You burn the black mamba.
Your peck misses the black mamba.
The black mamba is heavily wounded.
The black mamba bites you!
You are poisoned.
The black mamba poisons you!
You spin and attack the black mamba.
You hit the black mamba. You peck the black mamba.
The black mamba is severely wounded.
You feel very sick. The black mamba bites you.
The black mamba attacks as you move away!
The black mamba bites you.
* * * LOW HITPOINT WARNING * * *
You feel very sick.
The black mamba attacks as you move away!
The black mamba closely misses you.
You feel sick.
The black mamba bites you but does no damage.
You feel sick.
You feel sick.
You feel sick.
The black mamba attacks as you move away!
The black mamba bites you!
You die...

#.###.####§§≈≈####.#...
###...#..............#...
#..##.#...#..#########...
##.##.##..#.##..# #...
##.N..##...##..#### #...
#.#.....#..##..##.###...
#..#.#.##.#..#..#...##...
....####.S..###..##...#...
..N.. ##@..# #.#..#..#..#
#...## #....#..#.).##.#..#
##.. #....#...##..#.#... ###
......... #..#..._.
#######...#..#. #.##.....
#....N###...#####.#......
####
#########...##........###...
.#8###⌠###8####...###..)####
##.#
...............###.####N.#.##
###


You could see a naga sharpshooter and a black mamba.

Vanquished Creatures
  Gastronok (Lair:2)
  Harold (D:11)
  2 salamander tyrants (Snake:1)
  5 hydras
  A merfolk avatar (Lair:5)
  Erica (D:8)
  An anaconda (Snake:1)
  A boulder beetle (D:9)
  An ogre mage (Orc:1)
  4 two-headed ogres
  A naga warrior (Snake:1)
  3 orc high priests (Orc:2)
  Nergalle (D:11)
  Amaemon (Lair:2)
  A salamander mystic (Snake:1)
  A swamp dragon (Lair:4)
  A naga ritualist (Snake:1)
  A lindwurm (Lair:5)
  Pikel (D:8)
  4 orc knights (Orc:2)
  5 orc sorcerers (Orc:2)
  4 mana vipers (Snake:1)
  A manticore (Lair:5)
  9 salamanders (Snake:1)
  11 black mambas
  8 elephants
  2 naga magi (Snake:1)
  A gargoyle (D:10)
  An orange demon (Lair:2)
  3 rime drakes
  2 kobold demonologists (D:11)
  11 cane toads
  12 komodo dragons
  Psyche (D:8)
  4 trolls
  3 hornets
  12 slime creatures
  2 wind drakes (Lair:5)
  Prince Ribbit (D:7)
  2 polar bears
  10 blink frogs
  A spriggan (Lair:3)
  A wraith (D:8)
  A vampire (D:11)
  2 shadows
  12 wyverns
  35 yaks
  8 vampire mosquitoes (D:12)
  3 basilisks
  Menkaure (Ossuary)
  2 wargs
  3 acid dragons (D:11)
  8 water moccasins
  10 nagas
  A black bear (D:7)
  2 ice beasts
  A sky beast (D:7)
  20 orc warriors
  18 wolves
  8 centaurs
  6 ogres
  2 phantoms
  5 kobold brigands
  11 bullfrogs
  6 scorpions
  4 killer bees
  3 howler monkeys
  2 lava snakes (Snake:1)
  25 orc priests
  Crazy Yiuf (D:3)
  4 gnoll boudas
  A hound (D:5)
  4 jellies
  3 iguanas
  23 orc wizards
  3 mummies (Ossuary)
  31 gnolls
  10 adders
  A shadow imp (D:8)
  A white imp (D:6)
  An ufetubus (D:7)
  10 worms
  A dart slug (D:2)
  71 orcs
  7 ball pythons
  4 bats
  4 endoplasms
  3 giant cockroaches
  2 gnoll zombies (Ossuary)
  7 hobgoblins
  9 jackals
  2 quokkas (D:4)
  4 frilled lizards
  4 gnoll skeletons (Ossuary)
  5 goblins
  3 goblin skeletons (Ossuary)
  4 goblin zombies (Ossuary)
  3 hobgoblin skeletons (Ossuary)
  6 hobgoblin zombies (Ossuary)
  30 kobolds
  2 kobold skeletons (Ossuary)
  8 kobold zombies (Ossuary)
  3 orc skeletons (Ossuary)
  3 orc zombies (Ossuary)
  4 rats
  10 rat skeletons (Ossuary)
  2 rat zombies (Ossuary)
633 creatures vanquished.

Vanquished Creatures (collateral kills)
  A spriggan (Lair:3)
  A yak (Lair:3)
  2 orc warriors
  An orc wizard (Orc:2)
  3 orcs (Orc:2)
8 creatures vanquished.

Vanquished Creatures (others)
  5 dancing weapons
  An elephant zombie (Lair:3)
  A yak zombie (D:10)
  An orc wizard (Orc:1)
  A gnoll (D:6)
  An orc (D:6)
  An orc zombie (Orc:1)
  A bush (Lair:4)
  17 fungi
  52 plants
81 creatures vanquished.

Grand Total: 722 creatures vanquished

Notes
Turn   | Place    | Note
-------+----------+-------------------------------------------
     0 | D:1      | Querens the Spriggan Enchanter began the quest for the Orb.
     0 | D:1      | Reached XP level 1. HP: 9/9 MP: 5/5
   343 | D:1      | Reached XP level 2. HP: 12/13 MP: 6/6
   354 | D:1      | Learned a level 2 spell: Ensorcelled Hibernation
   787 | D:1      | Reached XP level 3. HP: 15/16 MP: 1/8
  1078 | D:2      | Reached skill level 5 in Stealth
  1096 | D:2      | Found a blossoming altar of Fedhas.
  1342 | D:2      | Reached XP level 4. HP: 21/21 MP: 6/10
  1771 | D:3      | Found a runed translucent door.
  1772 | D:3      | Noticed Crazy Yiuf
  1788 | D:3      | Killed Crazy Yiuf
  1789 | D:3      | Reached XP level 5. HP: 24/24 MP: 3/12
  1941 | D:4      | Noticed an ogre
  2034 | D:4      | Reached skill level 6 in Stealth
  2089 | D:4      | Reached skill level 5 in Hexes
  2316 | D:4      | Found Sinotiw's Weapon Shop.
  2358 | D:4      | Reached XP level 6. HP: 28/28 MP: 8/13
  2781 | D:4      | Found a hazy altar of Hepliaklqana.
  2810 | D:4      | Reached skill level 5 in Spellcasting
  2838 | D:4      | Reached skill level 7 in Stealth
  2904 | D:4      | Found a shimmering blue altar of Sif Muna.
  3027 | D:5      | Entered Level 5 of the Dungeon
  3028 | D:5      | Found a hide-covered altar of Uskayaw.
  3054 | D:5      | Reached XP level 7. HP: 32/32 MP: 12/15
  3132 | D:5      | Learned a level 3 spell: Confusing Touch
  3136 | D:5      | Learned a level 3 spell: Tukima's Dance
  3146 | D:5      | Found a sand-covered staircase.
  3153 | Ossuary  | Entered an ossuary
  3501 | Ossuary  | Noticed Menkaure
  3656 | Ossuary  | Gained mutation: You sometimes lose your temper in combat.
                  | [potion of mutation]
  3657 | Ossuary  | Lost mutation: You sometimes lose your temper in combat.
                  | [potion of mutation]
  3657 | Ossuary  | Gained mutation: Your flesh is heat resistant. (rF+)
                  | [potion of mutation]
  3657 | Ossuary  | Gained mutation: You passively map a small area around you.
                  | [potion of mutation]
  3658 | Ossuary  | Lost mutation: Your flesh is heat resistant. (rF+) [potion
                  | of mutation]
  3658 | Ossuary  | Lost mutation: You passively map a small area around you.
                  | [potion of mutation]
  3658 | Ossuary  | Gained mutation: You occasionally shout uncontrollably at
                  | your foes. [potion of mutation]
  3658 | Ossuary  | Gained mutation: You are covered in fur. (AC +1) [potion of
                  | mutation]
  3658 | Ossuary  | Gained mutation: You sometimes lose your temper in combat.
                  | [potion of mutation]
  3658 | Ossuary  | Gained mutation: You passively map a small area around you.
                  | [potion of mutation]
  3659 | Ossuary  | Lost mutation: You passively map a small area around you.
                  | [potion of mutation]
  3659 | Ossuary  | Lost mutation: You sometimes lose your temper in combat.
                  | [potion of mutation]
  3659 | Ossuary  | Lost mutation: You occasionally shout uncontrollably at
                  | your foes. [potion of mutation]
  3659 | Ossuary  | Gained mutation: You possess an exceptional clarity of
                  | mind. [potion of mutation]
  3659 | Ossuary  | Gained mutation: You have a beak for a mouth. [potion of
                  | mutation]
  3659 | Ossuary  | Gained mutation: You are somewhat resistant to further
                  | mutation. [potion of mutation]
  3687 | Ossuary  | Killed Menkaure
  4036 | D:5      | Reached skill level 8 in Stealth
  4148 | D:5      | Found a burning altar of Makhleb.
  4151 | D:5      | Found a sparkling altar of Nemelex Xobeh.
  4154 | D:5      | Found a broken altar of Ashenzari.
  4401 | D:5      | Found a sacrificial altar of Ru.
  4416 | D:5      | Reached skill level 5 in Short Blades
  4575 | D:6      | Reached XP level 8. HP: 36/36 MP: 18/18
  4628 | D:6      | Reached skill level 9 in Stealth
  4803 | D:6      | Found a stormy altar of Qazlal.
  4825 | D:6      | Found a staircase to the Ecumenical Temple.
  4836 | Temple   | Entered the Ecumenical Temple
  5396 | D:7      | Noticed Prince Ribbit
  5403 | D:7      | Found Qebraguf's Book Shoppe.
  5405 | D:7      | Reached skill level 10 in Stealth
  5568 | D:7      | Reached XP level 9. HP: 38/39 MP: 15/21
  5899 | D:7      | Found a white marble altar of Elyvilon.
  5918 | D:7      | Found a glowing golden altar of the Shining One.
  6187 | D:7      | Found a broken altar of Ashenzari.
  6263 | D:7      | Killed Prince Ribbit
  6264 | D:7      | Reached skill level 11 in Stealth
  6300 | D:7      | Found an opulent altar of Gozag.
  6302 | D:7      | Found a stormy altar of Qazlal.
  6302 | D:7      | Found a hide-covered altar of Uskayaw.
  6304 | D:7      | Found a blossoming altar of Fedhas.
  6304 | D:7      | Found an ancient bone altar of Kikubaaqudgha.
  6304 | D:7      | Found a shimmering altar of Xom.
  6386 | D:8      | Found a staircase to the Lair.
  6399 | D:8      | Noticed Psyche
  6404 | D:8      | Killed Psyche
  6664 | D:8      | Noticed Pikel
  6677 | D:8      | Killed Pikel
  6678 | D:8      | Reached skill level 12 in Stealth
  6678 | D:8      | Reached XP level 10. HP: 37/44 MP: 18/24
  6722 | D:8      | Noticed Erica
  6730 | D:8      | Killed Erica
  6786 | D:8      | Reached skill level 10 in Hexes
  7229 | D:9      | Reached skill level 13 in Stealth
  7232 | D:9      | Reached skill level 10 in Spellcasting
  7430 | D:9      | Found Aloow's Weapon Emporium.
  7476 | D:9      | Found an ornate altar of the Wu Jian Council.
  7486 | D:9      | Became a worshipper of the Wu Jian Council
  7499 | D:9      | Noticed a boulder beetle
  7513 | D:9      | Killed a boulder beetle
  7514 | D:9      | Reached XP level 11. HP: 47/47 MP: 17/26
  7601 | D:10     | Entered Level 10 of the Dungeon
  7723 | D:10     | Identified the +4 ring mail of Fortification {rElec rN+}
  7742 | D:10     | Reached skill level 14 in Stealth
  8108 | D:11     | Noticed Harold
  8114 | D:11     | Killed Harold
  8195 | D:11     | Noticed Nergalle
  8201 | D:11     | Killed Nergalle
  8202 | D:11     | Reached skill level 10 in Short Blades
  8236 | D:11     | Reached * piety under Wu Jian
  8333 | D:11     | Reached skill level 15 in Stealth
  8387 | D:11     | Identified the +1 pair of gloves "Lakh" {Rampage Slay+2}
  8569 | D:11     | Noticed a two-headed ogre
  8571 | D:11     | Killed a two-headed ogre
  9095 | D:12     | Noticed a two-headed ogre
  9098 | D:12     | Killed a two-headed ogre
  9099 | D:12     | Reached XP level 12. HP: 51/51 MP: 29/29
  9145 | D:12     | Reached ** piety under Wu Jian
  9242 | D:12     | Noticed a two-headed ogre
  9251 | D:12     | Killed a two-headed ogre
  9252 | D:12     | Reached skill level 16 in Stealth
  9309 | D:12     | Found a staircase to the Orcish Mines.
  9498 | D:12     | Found a runed translucent door.
  9499 | D:12     | Found a shimmering altar of Xom.
  9499 | D:12     | Noticed paps's ghost (journeyman OpSu)
  9512 | D:12     | Noticed a two-headed ogre
  9528 | D:12     | Killed a two-headed ogre
  9860 | Orc:1    | Entered Level 1 of the Orcish Mines
  9944 | Orc:2    | Entered Level 2 of the Orcish Mines
 10036 | Orc:2    | Reached skill level 17 in Stealth
 10056 | Orc:2    | Reached *** piety under Wu Jian
 10194 | Orc:2    | Found a staircase to the Elven Halls.
 10248 | Orc:2    | Reached skill level 18 in Stealth
 10381 | Orc:2    | Reached skill level 19 in Stealth
 10405 | Orc:2    | Noticed an orc high priest
 10415 | Orc:2    | Noticed an orc high priest
 10416 | Orc:2    | Noticed an orc high priest
 10422 | Orc:2    | Killed an orc high priest
 10433 | Orc:2    | Killed an orc high priest
 10434 | Orc:2    | Reached skill level 20 in Stealth
 10439 | Orc:2    | Found Surevi's Antique Armour Shop.
 10439 | Orc:2    | Found Naubbeta's Jewellery Emporium.
 10440 | Orc:2    | Killed an orc high priest
 10441 | Orc:2    | Reached XP level 13. HP: 53/55 MP: 9/31
 10442 | Orc:2    | Found Gielleve's Jewellery Shop.
 10442 | Orc:2    | Found Minanoc's Magic Scroll Emporium.
 10544 | Orc:2    | Reached **** piety under Wu Jian
 10754 | Orc:2    | Bought the amulet of Amoluq {rPois Will+ Regen+ MP+9 Dex-2}
                  | for 984 gold pieces
 11196 | Orc:2    | Reached skill level 21 in Stealth
 11289 | Orc:1    | Reached ***** piety under Wu Jian
 11736 | Lair:1   | Entered Level 1 of the Lair of Beasts
 12172 | Lair:1   | Reached skill level 22 in Stealth
 12320 | Lair:2   | Noticed Gastronok
 12325 | Lair:2   | Noticed Amaemon
 12423 | Lair:2   | Found a staircase to the Swamp.
 12481 | Lair:2   | Killed Amaemon
 12504 | Lair:2   | Killed Gastronok
 12505 | Lair:2   | Reached skill level 23 in Stealth
 12747 | Lair:2   | Found a staircase to the Snake Pit.
 13020 | Lair:3   | Found a hide-covered altar of Uskayaw.
 13112 | Lair:3   | Reached skill level 24 in Stealth
 13189 | Lair:3   | Found a glowing silver altar of Zin.
 13538 | Lair:4   | Reached skill level 25 in Stealth
 13594 | Lair:4   | Reached XP level 14. HP: 41/59 MP: 29/32
 13658 | Lair:4   | Learned a level 1 spell: Slow
 13777 | Lair:4   | Reached ****** piety under Wu Jian
 13792 | Lair:4   | Identified the +11 rapier "Amiolou" {freeze, Fly rC-
                  | Stlth+}
 13857 | Lair:5   | Entered Level 5 of the Lair of Beasts
 14122 | Lair:5   | Reached skill level 26 in Stealth
 14567 | Lair:5   | Got the Volume of the Iceberg
 14738 | Snake:1  | Entered Level 1 of the Snake Pit
 14792 | Snake:1  | Found a burning altar of Makhleb.
 14816 | Snake:1  | Found Xeetak's Armour Shoppe.
 15062 | Snake:1  | Reached skill level 27 in Stealth
 15132 | Snake:1  | Found Rozust Rabe's General Store.
 15150 | Snake:1  | Bought a scroll of identify for 28 gold pieces
 15238 | Snake:1  | Found Idesomn's Book Shoppe.
 15414 | Snake:1  | Found a shimmering blue altar of Sif Muna.
 15815 | Snake:1  | Slain by a black mamba

Illustrated notes

Levels and vault maps discovered:
D:1:      psy_arrival_fountain, layout_loops_cross
D:2:      layout_basic, basic_altar, minmay_pentomino_s2
D:3:      layout_rooms, uniq_crazy_yiuf_cottage
D:4:      layout_loops_corners, nicolae_sif_muna_little_library,
          worldfamousw_hep_ancestral_shrine, serial_shops, nicolae_shop_trees,
          nicolae_wormholes
D:5:      layout_basic, eat_drink_and_be_merry_uskayaw, lemuel_round_altar,
          grunt_temple_overflow_diamond, chequers_ossuary_entry_cave
D:6:      layout_loops_cross, kennysheep_mini_moat, minmay_temple_entry_waves,
          minmay_manual_mares, uniq_menkaure
D:7:      layout_basic, elyvilon_altar_3, lemuel_crystal_altar,
          doesnt_xom_only_xom, serial_shops, nicolae_shop_hallway_plus,
          kennysheep_flooded_box, minmay_ruined_shrine, uniq_prince_ribbit1
D:8:      layout_loops_ring, lair_entry_dummy, uniq_psyche, uniq_pikel,
          uniq_erica
D:9:      layout_cave_pools, nzn_wu_jian_council_hall, serial_shops,
          nicolae_shop_bloodbath_and_beyond
D:10:     layout_irregular_city, minmay_misc_feat_diagonals
D:11:     layout_irregular_city, kennysheep_generic_room_8, uniq_harold,
          uniq_nergalle
D:12:     layout_stronghold, minmay_orc_entry_temple_small, ebering_ghost_xom,
          dreamdust_princess_bridge, lemuel_flamethrower_3
Temple:   nicolae_temple_bog_church
Lair:1:   layout_big_grid, infiniplex_staircase_pool, grunt_megastairs_1
Lair:2:   layout_roguey, swamp_mist, guppyfry_snake_entry_garden,
          uniq_gastronok, uniq_amaemon
Lair:3:   wad_woods_stonehenge, layout_chaotic_city, basic_altar
Lair:4:   layout_loops_ring, minmay_slime_entry_oklob_enclosed, pond
Lair:5:   gammafunk_lair_ancient_temple, layout_cave_pods
Snake:1:  layout_onion_interference, serial_shops, shop_statue,
          nicolae_shop_hallway_stairs, shop_coins, nicolae_lakefront_shop,
          corexii_hall_statues_i, hangedman_feature_mirror,
          nicolae_snake_salamander_fort
Orc:1:    nicolae_orc_accident_3, layout_caves, mines4_lemuel
Orc:2:    grunt_orc_tribal_feast, layout_diamond_mine

Skill      XL: |  1  2  3  4  5  6  7  8  9 10 11 12 13 14 |
---------------+-------------------------------------------+-----
Spellcasting   | 3 4 5 6 7 9 10 12 13 | 13.0
Hexes          | 4 5 6 7 9 10 12 13 | 13.1
Short Blades   | 2 3 4 5 6 8 9 10 13 | 13.6
Stealth        | 5 6 7 8 10 12 13 15 20 25 27 | 27.0
Dodging        | |  2.9

Action                   |  1- 3 |  4- 6 |  7- 9 | 10-12 | 13-15 || total
-------------------------+-------+-------+-------+-------+-------++-------
Melee: Dagger            |   170 |   100 |   476 |   325 |   503 ||  1574
       Punch             |     1 |       |    10 |     7 |     3 ||    21
       Peck              |       |       |    63 |    58 |    92 ||   213
       Rapier            |       |       |       |       |     2 ||     2
 Cast: Ensorcelled Hiber |    21 |    52 |    83 |   120 |   244 ||   520
       Confusing Touch   |       |       |     9 |    17 |    23 ||    49
       Tukima's Dance    |       |       |     1 |     6 |    15 ||    22
       Slow              |       |       |       |       |     1 ||     1
Invok: Lunge             |       |       |       |    56 |    91 ||   147
       Whirlwind         |       |       |       |     6 |    24 ||    30
Evoke: Wand              |       |     4 |     7 |     1 |     2 ||    14
  Use: Scroll            |       |       |    14 |     6 |    16 ||    36
       Potion            |       |       |    12 |     6 |     9 ||    27
 Stab: Sleeping          |    20 |    28 |    59 |   101 |   179 ||   387
       Distracted        |     1 |     1 |       |       |     3 ||     5
       Confused          |       |       |     6 |    14 |    18 ||    38
       Invisible         |       |       |     6 |    18 |     1 ||    25
       Paralysed         |       |       |       |       |     1 ||     1
Armor: Robe              |    16 |     5 |    40 |    25 |    23 ||   109
       Troll leather arm |       |       |       |       |    24 ||    24
Dodge: Dodged            |   107 |    76 |   283 |   159 |   268 ||   893

Table legend: (Time is in decaauts)
 A = Elapsed time spent in this place.
 B = Non-inter-level travel time spent in this place.
 C = Inter-level travel time spent in this place.
 D = Time resting spent in this place.
 E = Time spent auto-exploring this place.
 F = Levels seen in this place.
 G = Mean time per level.
                   A        B        C        D        E       F      G
               +--------+--------+--------+--------+--------+-----+--------+
         Total |  10312 |   9366 |    946 |    208 |    191 |  22 |  468.7 |
       Dungeon |   5920 |   5368 |    552 |    115 |      0 |  12 |  493.3 |
        Temple |    216 |    202 |     14 |      0 |    191 |   1 |  216.0 |
          Lair |   1953 |   1827 |    126 |      0 |      0 |   5 |  390.6 |
     Snake Pit |    691 |    675 |     16 |     12 |      0 |   1 |  691.0 |
  Orcish Mines |   1100 |    864 |    236 |     80 |      0 |   2 |  550.0 |
       Ossuary |    432 |    432 |      0 |      0 |      0 |   1 |  432.0 |
               +--------+--------+--------+--------+--------+-----+--------+

Top non-repeatable levels by time:
     D:4: 714 daAuts
 Snake:1: 691 daAuts
     D:7: 640 daAuts
   Orc:2: 623 daAuts
    D:12: 596 daAuts
     D:1: 574 daAuts
  Lair:5: 564 daAuts
     D:5: 544 daAuts
    D:11: 527 daAuts
   Orc:1: 476 daAuts
 Ossuary: 432 daAuts
     D:8: 428 daAuts
     D:2: 426 daAuts
     D:9: 420 daAuts
  Lair:1: 387 daAuts
